AoeStats
← kittarington

Black Forest

506672070Analyzed
4v4 RM · 18d ago on Sep 14, 2026· 58m 46s· 8 players
Game mode
Random Map
Map size
Large (8 player)
Population
200
Speed
Normal
Resources
Standard
Victory
Conquest
Starting age
Dark Age
Ending age
Imperial Age
RankedLock teamsTeams togetherTeam positionsShared explorationLock speedFull tech treeHidden civsTurbo modeCheats
Victory
Defeat
🇯🇵 Spanish · Japan
848
+16
🇨🇳 Khmer · China
816
+17
🇨🇳 Chinese · China
812
+18
🇨🇳 Huns · China
799
+18
🇬🇧 Burgundians · United Kingdom
909
-19
🇨🇴 Aztecs · Colombia
879
-19
🇵🇪 Cumans · Peru
807
-16
🇨🇳 Bohemians · China
798
-15
長谷川1006
9:27 Loom
9:34 Loom
13:29 Feudal Age
14:38 Horse Collar
14:45 Double-Bit Axe
22:19 Castle Age
23:16 Gold Mining
23:43 Heavy Plow
23:53 Bow Saw
42:08 Wheelbarrow
神医喜来乐
0:27 Loom
14:29 Feudal Age
19:16 Castle Age
21:32 Horse Collar
21:39 Double-Bit Axe
23:09 Wheelbarrow
24:57 Forging
24:53 Scale Barding Armor
27:22 Iron Casting
34:49 Imperial Age
34:56 Elite Tarkan
35:57 Conscription
36:10 Hand Cart
37:39 Chain Barding Armor
帝道
13:34 Feudal Age
17:06 Castle Age
15:21 Horse Collar
15:30 Double-Bit Axe
18:36 Bow Saw
18:45 Heavy Plow
24:19 Wheelbarrow
25:54 Gold Mining
25:55 Stone Mining
29:42 Imperial Age
27:32 Hand Cart
27:51 Fletching
28:02 Padded Archer Armor
28:29 Ballistics
28:42 Loom
31:49 Conscription
31:19 Elite Chu Ko Nu
33:52 Chemistry
32:52 Bodkin Arrow
33:12 Leather Archer Armor
35:53 Caravan
38:34 Bracer
39:04 Ring Archer Armor
38:56 Thumb Ring
劲爆菇一身是胆
19:24 Feudal Age
19:45 Horse Collar
20:09 Horse Collar
21:04 Double-Bit Axe
23:33 Wheelbarrow
24:18 Gold Mining
25:17 Stone Mining
28:26 Castle Age
28:37 Forging
29:42 Hand Cart
30:54 Husbandry
31:05 Bloodlines
30:15 Light Cavalry
32:09 Bow Saw
32:08 Heavy Plow
33:27 Light Cavalry
36:23 Gold Shaft Mining
36:14 Scale Barding Armor
37:51 Stone Shaft Mining
38:24 Caravan
38:55 Coinage
41:26 Iron Casting
41:12 Chain Barding Armor
43:24 Tusk Swords
47:46 Imperial Age
46:03 Fortified Wall
47:55 Elite Ballista Elephant
49:52 Chemistry
50:07 Double Crossbow
50:54 Crop Rotation
51:29 Masonry
53:30 Architecture
53:52 Hussar
56:23 Conscription
56:45 Ballistics
58:29 Coinage
58:30 Scale Mail Armor
kittarington
0:33 Loom
11:14 Feudal Age
12:07 Double-Bit Axe
13:34 Wheelbarrow
20:46 Castle Age
19:26 Fishing Lines
23:56 Stone Mining
26:18 Forging
26:08 Scale Mail Armor
28:14 Chain Mail Armor
28:01 Gillnets
27:57 Horse Collar
28:55 Gambesons
29:13 Squires
35:28 Hand Cart
37:49 Town Watch
42:10 Imperial Age
42:23 Iron Casting
42:44 Capped Ram
42:48 Elite Jaguar Warrior
43:50 Conscription
44:35 Blast Furnace
44:05 Plate Mail Armor
43:40 Eagle Warrior
45:14 Elite Eagle Warrior
45:41 Arson
49:10 Garland Wars
Naery Valentina
0:40 Loom
16:36 Feudal Age
20:24 Forging
20:16 Double-Bit Axe
20:53 Gold Mining
22:29 Scale Mail Armor
33:02 Horse Collar
41:46 Castle Age
misaltamonteschiquitin
1:50 Loom
12:18 Wheelbarrow
14:15 Feudal Age
13:50 Double-Bit Axe
14:34 Horse Collar
15:24 Hand Cart
15:32 Bow Saw
16:54 Gold Mining
20:06 Town Watch
21:00 Gold Shaft Mining
22:53 Castle Age
21:23 Heavy Plow
21:20 Stone Mining
23:26 Stone Shaft Mining
25:21 Scale Mail Armor
25:39 Forging
26:57 Scale Barding Armor
29:57 Crop Rotation
29:32 Husbandry
32:20 Two-Man Saw
33:38 Pikeman
34:19 Squires
34:13 Fletching
35:46 Bodkin Arrow
40:44 Imperial Age
39:38 Ballistics
38:46 Elite Skirmisher
39:33 Bodkin Arrow
41:17 Chain Mail Armor
41:49 Halberdier
43:22 Treadmill Crane
43:56 Masonry
ksffvbh
0:29 Loom
18:36 Feudal Age
19:54 Wheelbarrow
19:09 Double-Bit Axe
19:08 Horse Collar
19:45 Fishing Lines
22:59 Castle Age
24:23 Bow Saw
24:46 Hand Cart
24:27 Gillnets
24:52 Caravan
27:32 Treadmill Crane
28:47 Town Watch
34:13 Imperial Age
33:31 Town Patrol
36:15 Chemistry
35:36 Ballistics
35:27 Masonry
35:13 Murder Holes
35:23 Siege Engineers
38:01 Houfnice
49:29 Conscription
49:15 Wagenburg Tactics
48:31 Elite Hussite Wagon
49:35 Scale Mail Armor
49:46 Forging
49:40 Squires
49:26 Arson
49:01 Pikeman
51:14 Chain Mail Armor
52:14 Halberdier
53:29 Plate Mail Armor
53:35 Iron Casting
58:42 Blast Furnace
Connection lost

Rejoining the realm…

Still unreachable

The connection could not be restored.

Session expired

The server has moved on; the page needs a fresh start.